 Dungeon Crawl Stone Soup version 0.26.1 (webtiles) character file.

Game seed: 2207016018973297021

263 swilekon the Magician (level 5, -4/28 HPs)
             Began as a Deep Elf Fire Elementalist on Feb 4, 2021.
             Was an Initiate of Gozag.
             Slain by Duvessa
             ... wielding a cursed +0 rapier
              (6 damage)
             ... on level 5 of the Dungeon.
             The game lasted 00:08:33 (4006 turns).

swilekon the Magician (Deep Elf Fire Elementalist)  Turns: 4006, Time: 00:08:34

Health: -4/28      AC:  3    Str:  5    XL:     5   Next: 98%
Magic:  4/14       EV: 14    Int: 21    God:    Gozag
Gold:   219        SH:  0    Dex: 15    Spells: 5/14 levels left

rFire    . . .     SeeInvis .   g - +0 dagger
rCold    . . .     Faith    .   (no shield)
rNeg     . . .     Spirit   .   a - +1 robe
rPois    .         Reflect  .   (no helmet)
rElec    .         Harm     .   (no cloak)
rCorr    .         Rampage  .   (no gloves)
Will     .....                  (no boots)
Stlth    +++.......             (no amulet)
HPRegen  0.09/turn              (no ring)
MPRegen  0.14/turn              (no ring)

@: no status effects
A: no striking features
a: Renounce Religion, Potion Petition, Call Merchant, Bribe Branch


You were on level 5 of the Dungeon.
You worshipped Gozag.
Gozag was aware of your devotion.
You visited 2 branches of the dungeon, and saw 6 of its levels.

You collected 301 gold pieces.
You paid 82 gold pieces to Gozag.

Inventory:

Hand Weapons
 g - a +0 dagger (weapon)
Armour
 a - a +1 robe (worn)
Jewellery
 l - an uncursed ring of flight
Wands
 n - a wand of flame (16)
Scrolls
 k - a scroll of identify
Potions
 b - 2 potions of attraction {unknown}
 c - 2 potions of mutation {unknown}
 d - 2 potions of lignification {unknown}
 e - a potion of invisibility {unknown}
 f - 2 potions of curing {unknown}
 h - a potion of resistance {unknown}
 i - 2 potions of flight
 j - a potion of berserk rage {unknown}


   Skills:
 + Level 3.5 Dodging
 + Level 3.8 Stealth
 * Level 5.1 Spellcasting
 + Level 2.4 Conjurations
 * Level 4.8 Fire Magic


You had 5 spell levels left.
You knew the following spells:

 Your Spells              Type           Power        Failure   Level
a - Foxfire               Conj/Fire      80%          2%          1
b - Inner Flame           Hex/Fire       15%          12%         3
c - Fireball              Conj/Fire      10%          54%         5

Your spell library contained the following spells:

 Spells                   Type           Power        Failure   Level
 Conjure Flame            Conj/Fire      20%          7%          3
 Sticky Flame             Conj/Fire      20%          24%         4


Dungeon Overview and Level Annotations

Branches:
Dungeon (5/15)             Temple (1/1) D:4

Altars:
Ashenzari
Dithmenos
Elyvilon
Gozag
Kikubaaqudgha
Makhleb
Nemelex Xobeh
Okawaru
Ru
Sif Muna
Trog
Uskayaw
Vehumet
Xom
Yredelemnul
Zin
The Shining One

Annotations:
D:4 2 transporters
D:5 Dowan, Duvessa


Message History

Okay, then.
Casting: Foxfire (safe; 2% risk of failure)
Confirm with . or Enter, or press ? or * to list all spells.
You conjure some foxfire!
Duvessa hits you with a cursed +0 rapier.
Dowan barely misses you.
The foxfire hits Duvessa but does no damage.
Duvessa is almost dead.
The foxfire hits Dowan.
Dowan is lightly wounded.
There is a stone staircase leading down here.
Casting: Foxfire (safe; 2% risk of failure)
Confirm with . or Enter, or press ? or * to list all spells.
You conjure some foxfire!
Dowan gestures at you while chanting. The puff of frost hits you!
* * * LOW HITPOINT WARNING * * *
Duvessa hits you with a cursed +0 rapier.
You die...
Your body crumbles into a pile of gold.

...............## ####.....#
................###........##
....###.........#...........#
..... #.............(......##
..... ##...............#####
.... #.............###
............#####
...........v# .........§v@#
..........ee# ....##......##
..## ##......# .# ##.....# $
##....# ##...# #...# .....


You could see Duvessa and Dowan.

Vanquished Creatures
  A hound (D:4)
  A centaur skeleton (D:4)
  A bullfrog skeleton (D:4)
  Jessica (D:4)
  3 gnolls (D:5)
  3 adders
  An ooze (D:1)
  2 worms
  3 dart slugs (D:1)
  An orc (D:2)
  11 bats
  7 giant cockroaches
  9 goblins
  4 hobgoblins
  2 jackals
  10 kobolds
  14 frilled lizards
  A leopard gecko skeleton (D:4)
  10 rats
85 creatures vanquished.

Vanquished Creatures (collateral kills)
  A foxfire (D:4)
1 creature vanquished.

Vanquished Creatures (others)
  373 foxfires
373 creatures vanquished.

Grand Total: 459 creatures vanquished

Notes
Turn   | Place    | Note
-------+----------+-------------------------------------------
     0 | D:1      | swilekon the Deep Elf Fire Elementalist began the quest for
                  | the Orb.
     0 | D:1      | Reached XP level 1. HP: 10/10 MP: 6/6
   217 | D:1      | Reached XP level 2. HP: 15/15 MP: 0/8
   800 | D:1      | Reached XP level 3. HP: 19/19 MP: 7/10
  1744 | D:2      | Reached skill level 4 in Spellcasting
  2026 | D:2      | Reached XP level 4. HP: 24/24 MP: 10/12
  2252 | D:3      | Found a bloodstained altar of Trog.
  2916 | D:4      | Found a transporter.
  2920 | D:4      | Found a shimmering blue altar of Sif Muna.
  2921 | D:4      | Noticed Jessica
  2926 | D:4      | Killed Jessica
  3008 | D:4      | Found a staircase to the Ecumenical Temple.
  3025 | Temple   | Entered the Ecumenical Temple
  3137 | Temple   | Became a worshipper of Gozag Ym Sagoz the Greedy
  3165 | D:5      | Entered Level 5 of the Dungeon
  3219 | D:4      | Found a transporter.
  3280 | D:4      | Reached XP level 5. HP: 28/28 MP: 9/13
  3717 | D:4      | Reached skill level 5 in Spellcasting
  3894 | D:5      | Learned a level 3 spell: Inner Flame
  3900 | D:5      | Learned a level 5 spell: Fireball
  3990 | D:5      | Noticed Duvessa
  3994 | D:5      | Noticed Dowan
  4006 | D:5      | Slain by Duvessa

Illustrated notes

Levels and vault maps discovered:
D:1:      arrival_zaba_pyramid, layout_rooms, minmay_worlds_worst_comb
D:2:      layout_rooms, kennysheep_generic_room_5
D:3:      layout_basic, lightli_temple_of_fire
D:4:      gammafunk_wand_slinger, layout_basic, tgw_sif,
          minmay_temple_entry_stoned_glass, serial_bayou_lake_a
D:5:      layout_layer_cave, kennysheep_potato, uniq_duvessa
Temple:   eino_wide_crystal_templ

Skill      XL: |  1  2  3  4  5 |
---------------+----------------+-----
Stealth        | 3 |  3.8
Spellcasting   | 4 5 |  5.1
Fire Magic     | 4 |  4.8
Dodging        | 3 |  3.5
Conjurations   | 2 |  2.4

Action                   |  1- 3 |  4- 6 || total
-------------------------+-------+-------++-------
Melee: Dagger            |     7 |     8 ||    15
 Cast: Foxfire           |   138 |    98 ||   236
  Use: Scroll            |     2 |     7 ||     9
 Stab: Sleeping          |     2 |       ||     2
Armor: Robe              |     2 |     9 ||    11
Dodge: Dodged            |    14 |    27 ||    41
